 Dungeon Crawl Stone Soup version 0.27-a0-29-g2d0a2396b0 (webtiles) character file.

Game seed: 15915555625401945695

50 hehateme the Sneak (level 4, 0/25 HPs)
             Began as a Kobold Enchanter on Jan 4, 2021.
             Succumbed to an adder's poison
             ... on level 2 of the Dungeon.
             The game lasted 00:02:07 (1640 turns).

hehateme the Sneak (Kobold Enchanter)               Turns: 1640, Time: 00:02:08

Health: 0/25       AC:  2    Str:  6    XL:     4   Next: 4%
Magic:  7/7        EV: 15    Int: 16    God:
Gold:   76         SH:  0    Dex: 15    Spells: 6/7 levels left

rFire    . . .     SeeInvis .   a - +1 dagger
rCold    . . .     Faith    .   (shield restricted)
rNeg     . . .     Spirit   .   b - +0 robe
rPois    .         Reflect  .   (no helmet)
rElec    .         Harm     .   (no cloak)
rCorr    .         Rampage  .   (no gloves)
Will     .....                  (no boots)
Stlth    ++++......             (no amulet)
HPRegen  0.08/turn              (no ring)
MPRegen  0.10/turn              (no ring)

@: lethally poisoned (0 -> -3)
A: small, nightstalker 3
a: no special abilities


You were on level 2 of the Dungeon.
You visited 1 branch of the dungeon, and saw 2 of its levels.

You collected 76 gold pieces.

Inventory:

Hand Weapons
 a - a +1 dagger (weapon)
Missiles
 f - 9 stones (quivered)
 h - 2 throwing nets {=f}
 i - 5 boomerangs
 Q - 17 arrows
Armour
 b - a +0 robe (worn)
Scrolls
 c - a scroll of noise {unknown}
 d - a scroll of magic mapping {unknown}
 e - a scroll of identify {unknown}
 g - a scroll of enchant armour {unknown}


   Skills:
 + Level 1.3 Fighting
 - Level 1.3 Short Blades
 - Level 2.4 Dodging
 - Level 4.0 Stealth
 - Level 2.1 Spellcasting
 * Level 3.7 Hexes
 * Level 1.9 Ice Magic


You had 6 spell levels left.
You knew the following spells:

 Your Spells              Type           Power        Failure   Level
v - Corona                Hex            14%          4%          1

Your spell library contained the following spells:

 Spells                   Type           Power        Failure   Level
 Ensorcelled Hibernation  Hex/Ice        20%          10%         2
 Confusing Touch          Hex            13%          13%         3
 Tukima's Dance           Hex            13%          13%         3
 Dazzling Flash           Conj/Hex       14%          28%         3


Dungeon Overview and Level Annotations

Branches:
Dungeon (2/15)

Altars:


Innate Abilities, Weirdness & Mutations

You are small and have problems with some larger weapons.
You are completely attuned to the shadows.


Message History

You aren't carrying any potions.
You aren't carrying any potions.
There is a lethal amount of poison in your body!
There's nothing to open nearby.
* * * LOW HITPOINT WARNING * * *
You feel sick.
You take 1 damage, and have 4/25 hp.
* * * LOW HITPOINT WARNING * * *
You feel sick.
You take 1 damage, and have 3/25 hp.
* * * LOW HITPOINT WARNING * * *
You feel sick.
You take 1 damage, and have 2/25 hp.
* * * LOW HITPOINT WARNING * * *
You feel sick.
You take 1 damage, and have 1/25 hp.
* * * LOW HITPOINT WARNING * * *
You feel sick.
You take 1 damage, and have 1/25 hp.
You die...

##.###.##.##.## ...
..##.##.#. #.#
#.##?.#.#.
.#######.###.##..#...
....@................
##...###.###.##......
#.#.# #.# ##########
#.... ... ###.###.##

Skill      XL: |  1  2  3 |
---------------+----------+-----
Ice Magic      | 1 |  1.9
Fighting       | 1 |  1.3
Short Blades   | |  1.3
Dodging        | |  2.4
Stealth        | |  4.0
Spellcasting   | |  2.1
Hexes          | |  3.7

Notes
Turn   | Place    | Note
-------+----------+-------------------------------------------
     0 | D:1      | hehateme the Kobold Enchanter began the quest for the Orb.
     0 | D:1      | Reached XP level 1. HP: 10/10 MP: 3/3
   379 | D:1      | Reached XP level 2. HP: 8/16 MP: 5/5
   379 | D:1      | HP: 4/16 [kobold/+0 dagger (4)]
   385 | D:1      | HP: 1/16 [goblin (2)]
   539 | D:1      | Reached skill level 1 in Ice Magic
  1040 | D:1      | Reached XP level 3. HP: 20/20 MP: 6/6
  1060 | D:1      | Reached skill level 1 in Fighting
  1619 | D:2      | HP: 5/20 [poisoned by an adder]
  1623 | D:2      | Reached XP level 4. HP: 5/25 MP: 7/7
  1624 | D:2      | HP: 4/25 [poisoned by an adder]
  1629 | D:2      | HP: 2/25 [poisoned by an adder]
  1636 | D:2      | HP: 1/25 [poisoned by an adder]
  1640 | D:2      | Succumbed to an adder's poison

Table legend: (Time is in decaauts)
 A = Elapsed time spent in this place.
 B = Non-inter-level travel time spent in this place.
 C = Inter-level travel time spent in this place.
 D = Time resting spent in this place.
 E = Time spent auto-exploring this place.
 F = Levels seen in this place.
 G = Mean time per level.
                   A        B        C        D        E       F      G
               +--------+--------+--------+--------+--------+-----+--------+
         Total |   1632 |   1618 |     14 |      0 |   1310 |   2 |  816.0 |
       Dungeon |   1632 |   1618 |     14 |      0 |   1310 |   2 |  816.0 |
               +--------+--------+--------+--------+--------+-----+--------+

Top non-repeatable levels by time:
     D:1: 1597 daAuts
     D:2: 34 daAuts

Table legend:
 A = Kills in this place as a percentage of kills in entire the game.
 B = Kills by you in this place as a percentage of kills by you in the entire game.
 C = Kills by friends in this place as a percentage of kills by friends in the entire game.
 D = Other kills in this place as a percentage of other kills in the entire game.
 E = Experience gained in this place as a percentage of experience gained in the entire game.
 F = Experience gained in this place divided by the number of levels of this place that you have seen.
                   A       B       C       D       E      F
               +-------+-------+-------+-------+-------+----------------------
         Total | 100.0 | 100.0 |   N/A |   N/A | 100.0 |  36.0
       Dungeon | 100.0 | 100.0 |   N/A |   N/A | 100.0 |  36.0
               +-------+-------+-------+-------+-------+----------------------

Action                   |  1- 3 |  4- 6 || total
-------------------------+-------+-------++-------
Melee: Dagger            |   117 |       ||   117
 Stab: Sleeping          |    15 |       ||    15
Armor: Robe              |     5 |       ||     5
Dodge: Dodged            |    86 |       ||    86

Vanquished Creatures
  An adder (D:2)
  An ooze (D:1)
  2 leopard geckos (D:1)
  2 giant cockroaches (D:1)
  2 hobgoblins (D:1)
  2 jackals (D:1)
  A ball python (D:1)
  4 bats (D:1)
  3 frilled lizards (D:1)
  5 goblins (D:1)
  8 kobolds (D:1)
  4 rats (D:1)
35 creatures vanquished. There were no monsters in sight!

Levels and vault maps discovered:
D:1:      wander_arrival_estate, layout_loops_ring, grunt_decor_junction
D:2:      layout_basic, lemuel_doored_altar
